 Dungeon Crawl Stone Soup version 0.32-a0-711-g016ad743e0 (webtiles) character file.

Game seed: 16418534839122854937

750752 Essalna the Petrodigitator (level 27, -21/188 HPs)
             Began as a Gargoyle Earth Elementalist on Mar 15, 2024.
             Was the Champion of Vehumet.
             Demolished by Adaxemni's ghost (40 damage)
             ... on level 3 of the Realm of Zot.
             The game lasted 03:24:13 (87705 turns).

Essalna the Petrodigitator (GrEE)                  Turns: 87705, Time: 03:24:14

Health: -21/188    AC: 33    Str: 17    XL:     27
Magic:  49/57      EV: 21    Int: 31    God:    Vehumet [******]
Gold:   9673       SH:  0    Dex: 20    Spells: 18/68 levels left

rFire   + + .        o - staff of earth {E}
rCold   + + .        p - orb "Ophud" {mayhem, +Blink rElec Will-}
rNeg    + . .        w - +1 scale mail of Decompression {Regen+ Str+3 Dex+3 Slay+6}
rPois   ∞            Y - +0 hat "Paleu" {Rampage Int+4 Dex+3}
rElec   +            k - scarf {rC+ rF+}
rCorr   .            y - +0 pair of gloves of Qecom {rC+ Slay+2}
SInv    .            q - +1 pair of boots of the Merwolf {Str+3 Stlth+}
Will    +....        H - amulet of regeneration
Stlth   ++           z - ring "Jajackat" {rF+ EV+5}
HPRegen 2.11/turn    F - ring of magical power
MPRegen 0.35/turn

%: mayhem, clarity, rampage
@: on vortex cooldown, flying, very slightly contaminated, slowed, studying 2
skills, very slow
A: sickness immunity, AC +20, big wings, negative energy resistance 1,
electricity resistance, torment resistance 1, petrification resistance, agile 1,
clarity, deformed body, dopey 1
}: 5/15 runes: decaying, slimy, silver, obsidian, gossamer
a: Renounce Religion, Evoke Blink


You were on level 3 of the Realm of Zot.
You worshipped Vehumet.
Vehumet was exalted by your worship.
You visited 15 branches of the dungeon, and saw 69 of its levels.
You visited the Abyss 1 time.
You also visited: Ossuary, Bailey, Gauntlet, Ice Cave, Volcano and Desolation.

You collected 11770 gold pieces.
You spent 2097 gold pieces at shops.

Inventory:

Hand Weapons
 c - the +3 flail of the Forgotten Knaves {freeze, Int+6}
   (You took it off a deep elf demonologist on level 3 of the Elven Halls)

   Int+6:     It affects your intelligence (+6).
Armour
 j - the +2 leather armour "Nisevas" {rF++ Int+6}
   (You found it on level 4 of the Swamp)

   Int+6:     It affects your intelligence (+6).
   rF++:      It greatly protects you from fire.
 k - a scarf of resistance (worn)
 p - the orb "Ophud" (worn) {mayhem, +Blink rElec Will-}
   (You found it on level 2 of the Realm of Zot)

   rElec:     It insulates you from electricity.
   Will-:     It decreases your willpower.
   +Blink:    It lets you blink.
 q - the +1 pair of boots of the Merwolf (worn) {Str+3 Stlth+}
   (You acquired it on level 4 of the Vaults)

   Str+3:     It affects your strength (+3).
   Stlth+:    It makes you more stealthy.
 r - an orb of energy
 w - the +1 scale mail of Decompression (worn) {Regen+ Str+3 Dex+3 Slay+6}
   (You bought it in a shop on level 2 of the Orcish Mines)

   Str+3:     It affects your strength (+3).
   Dex+3:     It affects your dexterity (+3).
   Slay+6:    It affects your accuracy & damage with ranged weapons and melee
   (+6).
   Regen+:    It increases your rate of health regeneration.
 y - the +0 pair of gloves of Qecom (worn) {rC+ Slay+2}
   (You found it on level 1 of the Crypt)

   Slay+2:    It affects your accuracy & damage with ranged weapons and melee
   (+2).
   rC+:       It protects you from cold.
 D - a +5 kite shield of reflection
 E - a +0 kite shield of protection
 Y - the +0 hat "Paleu" (worn) {Rampage Int+4 Dex+3}
   (You found it in a Gauntlet)

   Int+4:     It affects your intelligence (+4).
   Dex+3:     It affects your dexterity (+3).
   Rampage:   It bestows one free step when moving towards enemies.
Magical Staves
 e - the staff "Haimel" {+Blink rPois rN+ Hexes Necro}
   (You found it on level 3 of the Crypt)

   [staff of death]

   Base accuracy: +5 Base damage: 5 Base attack delay: 1.2 This weapon's minimum
   attack delay (0.6) is reached at skill level 12.
   rPois:     It protects you from poison.
   rN+:       It protects you from negative energy.
   +Blink:    It lets you blink.
   Hexes:     It increases the power of your Hexes spells.
   Necro:     It increases the power of your Necromancy spells.
   It falls into the 'Staves' category.
   It is a one-handed weapon.
 o - a staff of earth (weapon) {E}
Jewellery
 s - the ring "Paykenlo" {rF+ SInv}
   (You took it off a frost giant on level 5 of the Vaults)

   [ring of see invisible]

   rF+:       It protects you from fire.
   SInv:      It lets you see invisible.
 z - the ring "Jajackat" (left hand) {rF+ EV+5}
   (You took it off a deep elf blademaster on level 3 of the Elven Halls)

   [ring of evasion]

   EV+5:      It affects your evasion (+5).
   rF+:       It protects you from fire.
 F - a ring of magical power (right hand)
 H - an amulet of regeneration (around neck)
 M - a +4 ring of protection
 N - a +5 ring of evasion
 P - the ring of the Byakko {Wiz rC+ Int+2}
   (You took it off a vault warden on level 5 of the Vaults)

   [ring of wizardry]

   Wiz:       It improves your spell success rate.
   Int+2:     It affects your intelligence (+2).
   rC+:       It protects you from cold.
 W - the ring "Ciufa" {rC+ Str+3}
   (You took it off a frost giant on level 5 of the Vaults)

   [ring of protection from cold]

   Str+3:     It affects your strength (+3).
   rC+:       It protects you from cold.
Wands
 C - a wand of digging (31)
Scrolls
 a - 3 scrolls of silence
 b - 22 scrolls of identify
 h - 9 scrolls of fear
 m - 7 scrolls of poison
 n - 6 scrolls of enchant armour
 t - 11 scrolls of teleportation
 u - 9 scrolls of butterflies
 x - 10 scrolls of amnesia
 I - 11 scrolls of immolation
 J - 5 scrolls of blinking
 Q - 7 scrolls of revelation
 V - 9 scrolls of fog
Potions
 d - 3 potions of heal wounds
 f - 23 potions of curing
 g - 9 potions of might
 i - 9 potions of enlightenment
 l - 2 potions of magic
 v - 8 potions of haste
 A - 8 potions of invisibility
 G - 3 potions of berserk rage
 K - 12 potions of lignification {unknown}
 O - 12 potions of mutation
 R - 2 potions of ambrosia
 S - 4 potions of resistance
 U - 4 potions of cancellation
 Z - 7 potions of brilliance {unknown}
Miscellaneous
 L - a tin of tremorstones (1/2)
 X - a lightning rod (3/4)


   Skills:
 - Level 23.0 Fighting
 - Level 15.1 Armour
 - Level 11.5 Dodging
 - Level 2.1 Stealth
 - Level 17.2 Shields
 - Level 21.0 Spellcasting
 - Level 17.2 Conjurations
 + Level 15.2 Necromancy
 - Level 26.0 Ice Magic
 O Level 27 Earth Magic


You had 18 spell levels left.
You knew the following spells:

 Your Spells              Type           Power      Damage    Failure   Level
a - Sandblast             Erth           100%       2d20      0%          1
b - Stone Arrow           Conj/Erth      100%       3d13      0%          3
c - Bombard               Conj/Erth      65%        9d11      1%          6
d - Orb of Destruction    Conj           48%        9d13      1%          7
e - Permafrost Eruption   Ice/Erth       69%        2x4d19    0%          6
f - Shatter               Erth           70%        3d51*     1%          9
g - Polar Vortex          Ice            57%        12d7*     1%          9
h - Death's Door          Necr           45%        N/A       99%         9

Your spell library contained the following spells:

 Spells                   Type           Power      Damage    Failure   Level
 Fire Storm               Conj/Fire      36%        8d9       100%        9
 Freeze                   Ice            100%       1d10      0%          1
 Magic Dart               Conj           100%       1d8       0%          1
 Necrotise                Necr           100%       1d9       0%          1
 Frozen Ramparts          Ice            100%       1d16      0%          3
 Hailstorm                Conj/Ice       100%       3d16      0%          3
 Passwall                 Erth           100%       N/A       0%          3
 Brom's Barrelling Bould  Conj/Erth      100%       2d11      0%          4
 Foxfire                  Conj/Fire      100%       2x1d9     1%          1
 Sting                    Conj/Alch      100%       1d9       1%          1
 Ensorcelled Hibernation  Hex/Ice        100%       N/A       1%          2
 Dazzling Flash           Conj/Hex       100%       N/A       1%          3
 Summon Ice Beast         Ice/Summ       85%        N/A       1%          3
 Anguish                  Hex/Necr       34%        N/A       1%          4
 Animate Dead             Necr           91%        N/A       1%          4
 Dispel Undead            Necr           91%        3d29      1%          4
 Flame Wave               Conj/Fire      72%        2d16      1%          4
 Fulminant Prism          Conj/Alch      36%        3d17      1%          4
 Iskenderun's Mystic Bla  Conj/Tloc      72%        2d15      1%          4
 Leda's Liquefaction      Alch/Erth      54%        N/A       1%          4
 Martyr's Knell           Necr/Summ      68%        N/A       1%          4
 Petrify                  Alch/Erth      100%       N/A       1%          4
 Arcjolt                  Conj/Air       36%        1d46      1%          5
 Fireball                 Conj/Fire      36%        3d15      1%          5
 Freezing Cloud           Conj/Ice/Air   44%        6-21      1%          5
 Irradiate                Conj/Alch      36%        3d23      1%          5
 Iskenderun's Battlesphe  Conj           96%        2d14      1%          5
 Metabolic Englaciation   Hex/Ice        42%        N/A       1%          5
 Lehudib's Crystal Spear  Conj/Erth      65%        10d15     1%          8
 Apportation              Tloc           64%        N/A       2%          1
 Summon Small Mammal      Summ           100%       N/A       2%          1
 Inner Flame              Hex/Fire       32%        N/A       2%          3
 Volatile Blastmotes      Fire/Tloc      64%        2d15      2%          3
 Blink                    Tloc           64%        N/A       3%          2
 Call Imp                 Summ           64%        N/A       3%          2
 Jinxbite                 Hex            64%        N/A       3%          2
 Conjure Ball Lightning   Conj/Air       36%        3x3d12    3%          6
 Starburst                Conj/Fire      36%        6d11      3%          6
 Sticky Flame             Fire/Alch      32%        2d7       7%          4
 Swiftness                Air            32%        N/A       8%          3
 Tukima's Dance           Hex            32%        N/A       8%          3
 Spellforged Servitor     Conj/Summ      36%        N/A       16%         7
 Yara's Violent Unravell  Hex/Alch       16%        3d8       17%         5
 Cause Fear               Hex            16%        N/A       24%         4
 Dimensional Bullseye     Hex/Tloc       16%        N/A       24%         4
 Manifold Assault         Tloc           32%        N/A       24%         4
 Passage of Golubria      Tloc           32%        N/A       24%         4
 Summon Blazeheart Golem  Fire/Summ      32%        N/A       24%         4
 Vhi's Electric Charge    Tloc/Air       64%        N/A       24%         4
 Borgnjor's Revivificati  Necr           45%        N/A       30%         8
 Infestation              Necr           45%        N/A       30%         8
 Silence                  Hex/Air        16%        N/A       56%         5
 Summon Forest            Summ/Tloc      16%        N/A       56%         5
 Summon Mana Viper        Hex/Summ       32%        N/A       56%         5
 Plasma Beam              Fire/Air       16%        2x1d27    65%         6
 Haunt                    Necr/Summ      34%        N/A       67%         7
 Dispersal                Tloc           16%        N/A       98%         6
 Summon Cactus Giant      Summ           16%        N/A       98%         6
 Enfeeble                 Hex            16%        N/A       100%        7
 Malign Gateway           Summ/Tloc      16%        N/A       100%        7
 Monstrous Menagerie      Summ           16%        N/A       100%        7
 Summon Hydra             Summ           16%        N/A       100%        7
 Discord                  Hex            16%        N/A       100%        8
 Disjunction              Tloc           16%        N/A       100%        8
 Maxwell's Capacitive Co  Air            16%        ∞         100%        8
 Summon Horrible Things   Summ           16%        N/A       100%        8
 Dragon's Call            Summ           16%        N/A       100%        9
 Sublimation of Blood     Necr           Unusable   N/A       N/A         2
 Cigotuvi's Dreadful Rot  Necr/Alch/Air  Unusable   N/A       N/A         2

Dungeon Overview and Level Annotations

Branches:
Dungeon (15/15)            Temple (1/1) D:5            Lair (5/5) D:11
  Swamp (4/4) Lair:3       Spider (4/4) Lair:3        Slime (5/5) Lair:4
    Orc (2/2) D:9             Elf (3/3) Orc:2        Vaults (5/5) D:13
  Crypt (3/3) Vaults:3       Tomb (0/3) Crypt:3      Depths (4/4) D:15
   Hell (visited)             Dis (0/7) Hell            Geh (7/7) Hell
    Coc (7/7) Hell            Tar (0/7) Hell            Zot (3/5) Depths:4
Ossuary (visited)          Bailey (visited)           IceCv (visited)
Volcano (visited)         Desolation (visited)      Gauntlet (visited)

Altars:
Ashenzari
Cheibriados
Dithmenos
Elyvilon
Fedhas
Gozag
Hepliaklqana
Kikubaaqudgha
Makhleb
Nemelex Xobeh
Okawaru
Qazlal
Ru
Sif Muna
Trog
Uskayaw
Vehumet
Wu Jian
Xom
Yredelemnul
Zin
The Shining One
Beogh

Shops:
D:3 (   D:10 *   D:11 !   D:13 ?   Orc:2 *(:[   Elf:3 (*!   Vaults:1 ![
Vaults:2 *

Portals:
Hell: Depths:1 Depths:2 Depths:3 Depths:4
Abyss: Depths:2 Depths:3 Depths:4
Pandemonium: Depths:2
Ziggurat: Depths:1
Trove: D:10 (give 16 scrolls of teleportation)

Annotations:
D:3 3 runed translucent doors, tajemnic's ghost, amateur DsSh
Coc:7 Antaeus
Zot:3 1 transporter, Adaxemni's ghost, legendary GrFi


Innate Abilities, Weirdness & Mutations

You are immune to sickness and miasma.
Your stone body is resilient. (AC +20)
You are immune to poison.
Your large and strong wings let you fly.
You resist negative energy. (rN+)
You are resistant to electric shocks. (rElec)
You are resistant to unholy torment.
You are immune to petrification.
You are agile. (Dex +4, Str/Int -1)
You possess an exceptional clarity of mind.
Armour fits poorly on your strangely shaped body.
You are dopey. (Int -2)


Message History

A moth of wrath comes into view.
The moth of wrath's fur bristles in rage as it notices you.
Your lightning rod (3/4) has regained one charge.
Your Necromancy skill increases to level 15!
Casting: Shatter (dangerous; 1% risk of failure)
Confirm with . or Enter, or press ? or * to list all spells.
You feel a surge of power!
The dungeon rumbles!
The death cob is almost destroyed.
You destroy the bone dragon!
Vehumet accepts your kill.
You feel your power returning.
Adaxemni's ghost flies into a frenzy!
The spectral Killer Klown is lightly damaged.
Vehumet accepts your kill.
You feel your power returning.
Reactivating autopickup.
You feel a bit more experienced.
You kill the moth of wrath!
Vehumet accepts your kill.
Ka-crash!
You destroy the death cob!
Vehumet accepts your kill. Adaxemni's ghost hits you!!
Adaxemni's ghost hits you but does no damage.
Casting: Shatter (dangerous; 1% risk of failure)
Confirm with . or Enter, or press ? or * to list all spells.
You feel a surge of power!
You miscast Shatter.
Nothing appears to happen.
The winds around you start to calm down.
Adaxemni's ghost hits you!
The spectral Killer Klown hits you but does no damage.
Adaxemni's ghost hits you!!
The spectral Killer Klown completely misses you.
Adaxemni's ghost hits you!!!
* * * LOW HITPOINT WARNING * * *
You feel much better. The spectral Killer Klown misses you.
Adaxemni's ghost hits you!
* * * LOW HITPOINT WARNING * * *
The spectral Killer Klown hits you but does no damage.
Adaxemni's ghost hits you!!!
You die...

#... ........ .. #####.#
#.... ............
...#....†## ' ... #..##
##..#.##..## #
§§§...©#..........
.§§....#..#.###'## #§
###§###.§...# #.†...
.#§§#§#§§§#§§#..#.#..~~~
..§§§§§§§§§§§#..#.#.†~##
©.§§§§§@§§§§§.©...+..~#
.#§§§§W§Z§§§§#..###..~##
..§§§§§§§§#§§...# #..~~~
..§§##§§#§§§§...# #.....
†#§ §§§§§§§§#..########
.. §§§§§§§§§#...# #### .
######.##....####...
.........>..[.##
.........######


You could see a spectral Killer Klown and the neutral Adaxemni's ghost (fast,
strong, frenzied).

Vanquished Creatures
  Asmodeus (Geh:7)
  the Royal Jelly (Slime:5)
  the Serpent of Hell (Coc:7)
  Frederick (Vaults:4)
  7 dread liches
  4 ancient liches
  3 orbs of fire (Zot:1)
  The ghost of Lioda the Conqueror, a legendary MiBe of Trog (Zot:1)
  Mara (Elf:3)
  2 juggernauts (Depths:4)
  Sojobo (Depths:1)
  Boris (twice) (Vaults:4 Depths:2)
  18 shard shrikes
  The ghost of Hauff the Metallomancer, a veteran GrEE of Ashenzari (Depths:2)
  Saint Roka (Vaults:1)
  The ghost of Dohaditz the Worldbinder, a veteran MfSu of Gozag (Depths:2)
  A caustic shrike (Depths:2)
  4 curse toes
  6 golden dragons
  Margery (Crypt:1)
  Geryon (Hell)
  Nikola (Vaults:1)
  2 bone dragons
  The ghost of Etzesk the Imperceptible, a veteran TeGl of Uskayaw (Depths:2)
  11 Brimstone Fiends
  3 electric golems (Zot:1)
  11 tentacled monstrosities
  Jorgrun (D:15)
  11 hellephants
  Zenata (Vaults:1)
  18 Ice Fiends
  14 titans
  10 liches
  Asterion (Spider:3)
  A walking earthen tome (Depths:4)
  5 quicksilver dragons
  3 deep elf blademasters (Elf:3)
  3 deep elf master archers (Elf:3)
  6 sphinxes
  7 ancient champions
  23 searing wretches
  24 acid blobs
  An Executioner (Abyss:3)
  12 tengu reavers
  Agnes (Spider:4)
  Kirke (D:14)
  10 death cobs
  8 shadow dragons
  17 rockslimes
  Donald (Swamp:4)
  6 storm dragons
  8 azure jellies
  9 narguns
  5 revenants
  A fenstrider witch (Swamp:4)
  4 deep elf elementalists
  2 protean progenitors (Zot:1)
  3 draconian knights
  9 deep elf sorcerers
  15 fire giants
  19 frost giants
  4 draconian shifters
  Louise (Swamp:4)
  A daeva (Abyss:3)
  A draconian monk (Zot:3)
  25 vault wardens
  A draconian scorcher (Zot:1)
  6 ghost moths
  4 iron dragons
  7 ghouls
  2 curse skulls (Crypt:3)
  18 balrugs
  9 shard shrike simulacra
  4 emperor scorpions (Spider:4)
  2 draconian stormcallers
  4 spriggan defenders
  15 stone giants
  4 imperial myrmidons (Desolation)
  A draconian annihilator (Zot:3)
  2 cacodemons (Abyss:3)
  2 orc warlords
  30 very ugly things
  18 quicksilver oozes
  23 ironbound preservers
  4 reapers (Hell)
  11 vampire knights
  6 ironbound thunderhulks
  A rockslime zombie (Crypt:3)
  5 formless jellyfish
  3 broodmothers
  A caustic shrike skeleton (Crypt:3)
  5 deep elf death magi
  Nessos (D:15)
  8 green draconians
  7 deep elf demonologists
  25 elemental wellsprings
  2 purple draconians
  A red draconian (Zot:3)
  An eleionoma (Swamp:4)
  18 dire elephants
  2 white draconians (Zot:3)
  The ghost of Zelekoik the Brawler, a journeyman DrMo of Yredelemnul (D:15)
  8 war gargoyles
  10 deep elf annihilators
  21 wendigos
  2 yellow draconians
  A minotaur (Gauntlet)
  2 spark wasps
  A halazid warlock (Desolation)
  4 bunyips
  2 blizzard demons (Hell)
  3 eidola
  6 fire dragons
  A spectral golden dragon (D:15)
  10 entropy weavers
  11 ettins
  6 yaktaur captains
  11 jiangshi
  4 deep elf high priests
  3 crystal guardians
  Josephine (D:10)
  15 salamander tyrants
  8 juggernaut simulacra
  9 great orbs of eyes
  12 caustic shrike simulacra
  4 jorogumos
  2 rakshasas (Depths:3)
  4 servants of whispers (Desolation)
  22 hydras
  5 ghost crabs
  10 peacekeepers
  5 ragged hierophants (Desolation)
  33 vault guards
  12 ice dragons
  3 ogre magi (Vaults:5)
  11 alligators
  A spriggan air mage (Depths:3)
  A hell beast (Hell)
  7 centaur warriors
  A catoblepas (Gauntlet)
  5 ironbound frosthearts
  2 Killer Klown simulacra (Zot:3)
  8 two-headed ogres
  6 death knights
  31 dancing weapons
  6 stokers
  4 radroaches
  8 deep troll shamans
  7 boulder beetles
  7 death scarabs (Spider:4)
  Urug (Lair:4)
  33 hell hogs
  2 death yaks (Lair:5)
  6 demonic crawlers
  6 orc high priests
  9 hell knights
  6 spriggan berserkers
  5 vampire magi
  3 tengu warriors
  9 deep troll earth magi
  An occultist (Depths:2)
  A wretched star (Abyss:3)
  14 sun demons
  13 deep elf knights
  A titan zombie (D:15)
  9 soul eaters
  2 shadow wraiths (Hell)
  2 fire crabs
  Lodul (D:14)
  A spectral spark wasp (D:15)
  A spectral death yak (Lair:5)
  A salamander mystic (Depths:2)
  4 iron trolls
  A titan skeleton (Crypt:2)
  11 quicksilver dragon simulacra
  76 deep trolls
  3 goliath frogs
  7 pharaoh ants
  30 skeletal warriors
  A spectral anaconda (Lair:5)
  3 spriggan druids
  8 flayed ghosts
  2 sun moths
  5 glowing orange brains
  An orb spider (shapeshifter) (Depths:2)
  11 arcanists
  10 deep elf archers
  11 bog bodies
  An orange crystal statue (IceCv)
  11 phantasmal warriors
  7 orb spiders
  4 swamp dragons
  2 storm dragon skeletons (Crypt:2)
  A spectral wolf spider (Spider:4)
  6 steelbarb worms
  A swamp dragon (shapeshifter) (Depths:1)
  7 harpies
  An anaconda skeleton (Crypt:1)
  A steelbarb worm (shapeshifter) (Vaults:5)
  A shadow dragon zombie (Depths:3)
  30 deep elf pyromancers
  7 thermic dynamos
  16 deep elf zephyrmancers
  30 ironbound convokers
  8 lindwurms
  An obsidian statue (Lair:5)
  2 wolf spider zombies (Spider:4)
  An iron dragon zombie (D:15)
  A broodmother zombie (Spider:4)
  A fenstrider witch simulacrum (Coc:1)
  13 necromancers
  12 orc knights
  7 will-o-the-wisps
  2 manticores
  19 wolf spiders
  5 orc sorcerers
  9 shining eyes
  37 ugly things
  5 salamanders
  23 moths of wrath
  3 cyclopes
  8 smoke demons
  A stone giant zombie (D:15)
  An elephant (shapeshifter) (Vaults:5)
  3 fire giant skeletons
  6 meliai
  33 elephants
  A shock serpent zombie (Crypt:3)
  Joseph (Lair:1)
  A guardian serpent (Vaults:3)
  5 black mambas
  15 molten gargoyles
  7 titan simulacra
  13 vault sentinels
  2 ice statues (Spider:4)
  3 kobold blastminers
  8 rust devils (Hell)
  A centaur zombie (Crypt:2)
  9 eyes of devastation
  7 torpor snails
  A dire elephant skeleton (Crypt:3)
  9 gargoyles
  20 hellions
  An unseen horror (shapeshifter) (Elf:1)
  10 cane toads
  A storm dragon simulacrum (Coc:1)
  Jeremiah (D:8)
  4 tengu conjurers
  4 spectral redbacks (Spider:4)
  3 naga skeletons
  A mana viper skeleton (Crypt:1)
  11 komodo dragons
  29 yaktaurs
  2 bunyip simulacra (Coc:1)
  3 iron giant simulacra
  7 kobold demonologists
  8 tormentors
  5 anaconda simulacra
  7 rime drakes
  4 golden dragon simulacra
  3 ancient zymes (Abyss:3)
  A redback zombie (Spider:4)
  17 freezing wraiths
  A red devil (Hell)
  An ice devil (Hell)
  3 guardian mummies
  3 bloated husks
  10 tyrant leeches
  A catoblepas skeleton (Crypt:3)
  A polar bear (Lair:5)
  3 trolls
  A sun moth zombie (Crypt:3)
  30 tarantellas
  46 saltlings
  A shadow dragon simulacrum (Depths:3)
  A spectral culicivora (Spider:4)
  2 tarantella zombies
  A culicivora zombie (Spider:4)
  A glass eye (shapeshifter) (Vaults:5)
  5 glass eyes (Slime:5)
  A spriggan zombie (D:15)
  A draconian simulacrum (Zot:3)
  2 frost giant simulacra (D:15)
  A snapping turtle (shapeshifter) (Vaults:5)
  5 spectral tarantellas (Spider:4)
  8 hornets
  18 dream sheep
  2 jumping spider zombies (Spider:4)
  3 stone giant simulacra
  An ettin zombie (Crypt:1)
  11 blink frogs (Lair:4)
  2 spectral jumping spiders (Spider:4)
  5 iron dragon simulacra
  98 slime creatures
  A jumping spider (shapeshifter) (Vaults:5)
  21 jumping spiders
  A fire dragon zombie (Crypt:2)
  4 spriggan skeletons
  10 naga simulacra
  4 air elementals
  7 water elementals
  22 culicivoras
  2 centaur simulacra (Coc:2)
  47 yaks
  9 spriggans
  A spriggan (shapeshifter) (D:14)
  10 wyverns
  An ettin skeleton (Crypt:1)
  13 small abominations (Abyss:3)
  A ynoxinul (Abyss:3)
  9 wraiths
  14 dire elephant simulacra
  10 fire bats
  A basilisk (shapeshifter) (D:15)
  5 fire elementals
  9 basilisks
  2 alligator snapping turtle simulacra (Coc:1)
  65 redbacks
  Grum (D:10)
  3 steam dragons
  7 wargs
  27 vampire mosquitoes
  A wind drake skeleton (Crypt:3)
  Menkaure (Ossuary)
  21 harpy simulacra
  A death yak simulacrum (Lair:5)
  A glowing shapeshifter zombie (Depths:3)
  A naga (shapeshifter) (D:13)
  18 swamp worms
  An acid dragon (D:11)
  3 hell hounds
  12 water moccasins
  2 hydra simulacra (Coc:1)
  Duvessa (D:5)
  38 orc warriors
  9 swamp drakes
  A water nymph skeleton (Crypt:1)
  3 ice beasts
  4 ettin simulacra
  2 sky beasts (D:6)
  8 spriggan simulacra
  A snapping turtle zombie (Crypt:1)
  A black mamba simulacrum (Coc:2)
  17 wolves
  A black bear (D:7)
  A blink frog skeleton (Crypt:1)
  4 boggarts (D:14)
  14 laughing skulls
  14 ogres
  9 centaurs
  An elephant skeleton (Lair:5)
  2 phantoms
  A fire crab zombie (Crypt:3)
  A torpor snail zombie (Crypt:2)
  4 weeping skulls (Abyss:3)
  11 bullfrogs
  6 kobold brigands
  2 scorpions
  5 earth elementals
  A salamander skeleton (Crypt:1)
  2 gnoll sergeants
  A komodo dragon skeleton (Crypt:1)
  7 wights
  Dowan (D:5)
  A lindwurm simulacrum (IceCv)
  11 killer bees
  7 electric eels
  4 howler monkeys (D:12)
  A bullfrog zombie (Crypt:1)
  3 hounds
  20 orc priests
  11 jellies
  A centaur skeleton (Crypt:2)
  An iron imp (Abyss:3)
  A sleepcap (D:6)
  17 orc wizards
  10 hell rats (Lair:4)
  15 mummies
  14 gnolls
  4 adders
  A steam dragon zombie (Crypt:2)
  5 white imps
  2 ribbon worms (D:2)
  A dart slug (D:2)
  67 orcs
  8 ball pythons
  A bat (D:1)
  A bat skeleton (Crypt:3)
  4 endoplasms
  2 giant cockroaches
  3 gnoll zombies (Ossuary)
  15 goblins
  12 hobgoblins
  18 kobolds
  4 quokkas
  A ball python zombie (Crypt:2)
  6 frilled lizards
  4 gnoll skeletons (Ossuary)
  5 goblin skeletons (Ossuary)
  5 goblin zombies (Ossuary)
  4 hobgoblin skeletons (Ossuary)
  5 hobgoblin zombies (Ossuary)
  3 kobold skeletons
  4 kobold zombies (Ossuary)
  4 orc skeletons
  5 orc zombies (Ossuary)
  5 rats
  7 rat skeletons (Ossuary)
  3 rat zombies (Ossuary)
  4 aspiring fleshes (Zot:1)
  8 creeping infernos
  3 fire vortices
3005 creatures vanquished.

Vanquished Creatures (collateral kills)
  A dread lich (Zot:3)
1 creature vanquished.

Vanquished Creatures (others)
  A shard shrike (Coc:3)
  2 shard shrike simulacra
  A caustic shrike simulacrum (Coc:3)
  A quicksilver dragon simulacrum (Coc:1)
  A bloated husk (Swamp:3)
  4 humans (D:15)
  A harpy simulacrum (Coc:3)
  2 swamp drakes (Swamp:4)
  2 earth elementals (Swamp:3)
  A fire vortex (Geh:1)
  2 foxfires (Swamp:4)
18 creatures vanquished.

Grand Total: 3024 creatures vanquished

Notes
Turn   | Place    | Note
-------+----------+-------------------------------------------
     0 | D:1      | Essalna the Gargoyle Earth Elementalist began the quest for
                  | the Orb.
     0 | D:1      | Reached XP level 1. HP: 10/10 MP: 3/3
   169 | D:1      | Reached XP level 2. HP: 16/16 MP: 3/5
   432 | D:1      | You fall into a shaft and drop 1 floor!
   541 | D:1      | Reached skill level 1 in Fighting
   912 | D:2      | Reached skill level 4 in Earth Magic
   912 | D:2      | Reached XP level 3. HP: 20/20 MP: 2/6
  1129 | D:2      | Learned a level 3 spell: Stone Arrow
  1820 | D:3      | Found Fafynach's Antique Weapon Shop.
  2033 | D:3      | Reached XP level 4. HP: 25/25 MP: 5/7
  2093 | D:3      | Found a runed translucent gate.
  2093 | D:3      | Noticed tajemnic's ghost (amateur DsSh)
  2094 | D:3      | Found a runed translucent gate.
  2094 | D:3      | Found a runed translucent gate.
  2595 | D:4      | Reached XP level 5. HP: 30/30 MP: 6/9
  3007 | D:4      | Noticed an ogre
  3009 | D:4      | Killed an ogre
  3010 | D:4      | Reached XP level 6. HP: 36/36 MP: 3/10
  3257 | D:4      | Reached skill level 5 in Earth Magic
  3600 | D:5      | Entered Level 5 of the Dungeon
  3600 | D:5      | Found a staircase to the Ecumenical Temple.
  3624 | Temple   | Entered the Ecumenical Temple
  3637 | Temple   | Became a worshipper of Vehumet
  3661 | D:5      | Noticed Duvessa
  3665 | D:5      | Killed Duvessa
  3666 | D:5      | Reached XP level 7. HP: 42/42 MP: 2/12
  3666 | D:5      | Noticed Dowan
  3679 | D:5      | Killed Dowan
  3762 | D:5      | Found Uduchoew's Jewellery Shoppe.
  4176 | D:5      | Reached skill level 6 in Earth Magic
  4588 | D:6      | Reached XP level 8. HP: 48/48 MP: 11/14
  4630 | D:6      | Reached skill level 5 in Fighting
  4690 | D:6      | Reached skill level 5 in Spellcasting
  4690 | D:6      | Reached skill level 7 in Earth Magic
  4729 | D:6      | Reached * piety under Vehumet
  4729 | D:6      | Offered knowledge of Shock by Vehumet.
  5204 | D:7      | Reached skill level 8 in Earth Magic
  5229 | D:7      | Found a sand-covered staircase.
  5241 | D:7      | Reached XP level 9. HP: 52/56 MP: 13/17
  5242 | Ossuary  | Entered an ossuary
  5442 | Ossuary  | Offered knowledge of Searing Ray by Vehumet.
  5508 | Ossuary  | Reached ** piety under Vehumet
  5685 | Ossuary  | Noticed Menkaure
  5690 | Ossuary  | Offered knowledge of Mercury Vapours by Vehumet.
  5693 | Ossuary  | Killed Menkaure
  5804 | Ossuary  | Identified a scroll of acquirement
  5805 | Ossuary  | Acquired a manual of Conjurations
  6228 | D:7      | Reached skill level 1 in Armour
  6507 | D:7      | Found the +7 Throatcutter {drain, coup de grace}
  6507 | D:7      | Noticed a kobold demonologist
  6507 | D:7      | Noticed a kobold demonologist
  6507 | D:7      | Noticed a kobold demonologist
  6507 | D:7      | Noticed a kobold demonologist
  6507 | D:7      | Noticed a kobold demonologist
  6584 | D:8      | Identified the +0 war axe of Fortitude {drain, *Noise Will+
                  | Str+9}
  6638 | D:8      | Noticed Jeremiah
  6641 | D:8      | Reached skill level 5 in Conjurations
  6650 | D:8      | Reached *** piety under Vehumet
  6651 | D:8      | Reached skill level 9 in Earth Magic
  6799 | D:8      | Noticed a two-headed ogre
  6806 | D:8      | Killed a two-headed ogre
  6807 | D:8      | Reached XP level 10. HP: 60/64 MP: 6/20
  7401 | D:8      | Found a sacrificial altar of Ru.
  7409 | D:8      | Found a hide-covered altar of Uskayaw.
  7645 | D:7      | Killed a kobold demonologist
  7672 | D:7      | Killed a kobold demonologist
  7716 | D:7      | Killed a kobold demonologist
  7747 | D:7      | Killed a kobold demonologist
  7747 | D:7      | Offered knowledge of Dazzling Flash by Vehumet.
  8043 | D:8      | Killed Jeremiah
  8136 | D:9      | Found a staircase to the Orcish Mines.
  8211 | D:9      | Reached skill level 10 in Earth Magic
  8372 | D:9      | Reached skill level 5 in Armour
  8577 | D:9      | Reached XP level 11. HP: 69/69 MP: 22/22
  8687 | D:10     | Entered Level 10 of the Dungeon
  8716 | D:10     | Reached **** piety under Vehumet
  8717 | D:10     | Found a flagged portal.
  8723 | Bailey   | Entered a bailey
  8780 | Bailey   | Offered knowledge of Ignite Poison by Vehumet.
  9039 | Bailey   | Noticed an orc knight
  9043 | Bailey   | Killed an orc knight
  9280 | D:10     | Noticed Josephine
  9291 | D:10     | Killed Josephine
  9512 | D:10     | Noticed a two-headed ogre
  9516 | D:10     | Killed a two-headed ogre
  9518 | D:10     | Noticed a two-headed ogre
  9523 | D:10     | Killed a two-headed ogre
  9665 | D:10     | Reached skill level 11 in Earth Magic
  9667 | D:10     | Reached skill level 10 in Conjurations
  9738 | D:10     | Found a portal to a secret trove of treasure.
  9896 | D:10     | Found Boolloa's Assorted Antiques.
  9992 | D:10     | Reached skill level 10 in Fighting
 10105 | D:10     | Found an opulent altar of Gozag.
 10211 | D:10     | Noticed Grum
 10218 | D:10     | Killed Grum
 10506 | D:11     | Noticed a two-headed ogre
 10511 | D:11     | Killed a two-headed ogre
 10512 | D:11     | Reached XP level 12. HP: 78/78 MP: 24/24
 10622 | D:11     | Found Fyett's Distillery.
 10649 | D:11     | Reached skill level 12 in Earth Magic
 10745 | D:11     | Noticed a boulder beetle
 10756 | D:11     | Killed a boulder beetle
 10873 | D:11     | Found a staircase to the Lair.
 10900 | D:11     | Noticed a two-headed ogre
 10905 | D:11     | Killed a two-headed ogre
 10994 | D:11     | Reached ***** piety under Vehumet
 11113 | D:11     | Offered knowledge of Iskenderun's Mystic Blast by Vehumet.
 11587 | Lair:1   | Entered Level 1 of the Lair of Beasts
 11886 | Lair:1   | Reached skill level 13 in Earth Magic
 12105 | Lair:1   | Noticed Joseph
 12110 | Lair:1   | Killed Joseph
 12269 | Lair:1   | Noticed a boulder beetle
 12281 | Lair:1   | Killed a boulder beetle
 12881 | Lair:2   | Found a gate leading to a gauntlet.
 12892 | Gauntlet | Entered a Gauntlet
 12892 | Gauntlet | Found a transporter.
 12892 | Gauntlet | Found a runed translucent gate.
 12892 | Gauntlet | Found a transporter.
 12892 | Gauntlet | Found a runed translucent gate.
 12893 | Gauntlet | Found a runed translucent gate.
 12904 | Gauntlet | Found a transporter.
 12922 | Gauntlet | Found a transporter.
 12922 | Gauntlet | Found a transporter.
 12922 | Gauntlet | Found a transporter.
 12924 | Gauntlet | Found a transporter.
 12925 | Gauntlet | Found a transporter.
 12930 | Gauntlet | Noticed a ghost crab
 12937 | Gauntlet | Found a transporter.
 12952 | Gauntlet | Found a transporter.
 12962 | Gauntlet | Found a transporter.
 12976 | Gauntlet | Found a transporter.
 12996 | Gauntlet | Found a transporter.
 12996 | Gauntlet | Noticed a catoblepas
 13004 | Gauntlet | Found a runed translucent door.
 13004 | Gauntlet | Found a runed translucent door.
 13008 | Gauntlet | Found a transporter.
 13079 | Gauntlet | Noticed a catoblepas
 13126 | Gauntlet | Reached XP level 13. HP: 86/86 MP: 25/25
 13493 | Gauntlet | Noticed a minotaur
 13500 | Gauntlet | Killed a minotaur
 13501 | Gauntlet | Reached skill level 15 in Conjurations
 13501 | Gauntlet | Reached skill level 14 in Earth Magic
 13506 | Gauntlet | Identified the +0 hat "Paleu" {Rampage Int+4 Dex+3}
 14446 | Lair:2   | Learned a level 6 spell: Bombard
 14798 | Lair:3   | Found a hole to the Spider Nest.
 14865 | Lair:3   | Found a dark tunnel.
 14870 | Volcano  | Entered a volcano
 15728 | Lair:3   | Offered knowledge of Orb of Destruction by Vehumet.
 15737 | Lair:3   | Learned a level 7 spell: Orb of Destruction
 15867 | Lair:3   | Reached skill level 15 in Earth Magic
 16215 | Lair:3   | Gained mutation: Your large and strong wings let you fly.
                  | [Gargoyle growth]
 16215 | Lair:3   | Reached XP level 14. HP: 95/95 MP: 19/26
 16536 | Lair:3   | You are sucked into a shaft and drop 1 floor!
 16733 | Lair:4   | Reached skill level 16 in Earth Magic
 17390 | Lair:4   | Reached skill level 15 in Fighting
 17883 | Lair:4   | Found a runed translucent door.
 17883 | Lair:4   | Noticed an acid blob
 17888 | Lair:4   | Noticed an acid blob
 17888 | Lair:4   | Noticed an acid blob
 17888 | Lair:4   | Noticed an acid blob
 17889 | Lair:4   | Found a staircase to the Slime Pits.
 17944 | Lair:4   | Noticed Urug
 17952 | Lair:4   | Killed Urug
 18504 | Lair:3   | Found a staircase to the Swamp.
 18770 | Lair:5   | Entered Level 5 of the Lair of Beasts
 19238 | Lair:5   | Reached skill level 17 in Earth Magic
 19255 | Lair:5   | Reached XP level 15. HP: 89/104 MP: 3/27
 20370 | Lair:5   | Reached skill level 1 in Shields
 20613 | Lair:5   | Reached skill level 18 in Earth Magic
 20738 | Lair:5   | Offered knowledge of Permafrost Eruption by Vehumet.
 20749 | Lair:5   | Learned a level 6 spell: Permafrost Eruption
 20820 | Lair:5   | Reached skill level 1 in Ice Magic
 22415 | D:12     | Reached skill level 5 in Shields
 23522 | D:13     | Identified the +3 whip "Iklel" {vamp, rN+}
 23716 | D:13     | Found Wazoagg's Magic Scroll Shop.
 23724 | D:13     | Bought a scroll of enchant armour for 112 gold pieces
 23724 | D:13     | Bought a scroll of teleportation for 45 gold pieces
 23815 | D:13     | Reached skill level 5 in Ice Magic
 24373 | D:13     | Found a gate to the Vaults.
 24924 | D:14     | Reached XP level 16. HP: 110/110 MP: 2/28
 24947 | D:14     | Noticed Lodul
 25081 | D:14     | Killed Lodul
 25231 | D:14     | Found a large runed translucent door.
 25232 | D:14     | Found a large runed translucent door.
 26284 | D:15     | Entered Level 15 of the Dungeon
 26417 | D:15     | Noticed Jorgrun
 26421 | D:15     | Killed Jorgrun
 26487 | D:15     | Noticed Kirke
 26571 | D:14     | Killed Kirke
 26870 | D:15     | Found a hide-covered altar of Uskayaw.
 26931 | D:15     | Noticed Nessos
 26933 | D:15     | Killed Nessos
 27824 | D:15     | Reached ****** piety under Vehumet
 27827 | D:15     | Offered knowledge of Arcjolt by Vehumet.
 27830 | D:15     | Reached skill level 10 in Shields
 28028 | D:15     | Found a runed translucent gate.
 28028 | D:15     | Found a runed translucent gate.
 28165 | D:15     | Found a runed translucent gate.
 28170 | D:15     | Noticed Zelekoik's ghost (journeyman DrMo)
 28447 | D:15     | Found a staircase to the Depths.
 28941 | Orc:1    | Entered Level 1 of the Orcish Mines
 29454 | Orc:1    | Found a roughly hewn altar of Beogh.
 29707 | Orc:2    | Entered Level 2 of the Orcish Mines
 30199 | Orc:2    | Offered knowledge of Spellforged Servitor by Vehumet.
 30972 | Orc:2    | Found Bifuer's Book Shop.
 31008 | Orc:2    | Found Gapn's Antique Armour Boutique.
 31032 | Orc:2    | Bought an encrusted scale mail for 225 gold pieces
 31032 | Orc:2    | Identified the +1 scale mail of Decompression {Regen+ Str+3
                  | Dex+3 Slay+6} (You bought it in a shop on level 2 of the
                  | Orcish Mines)
 31315 | Orc:2    | Found Affeifo's General Store.
 31315 | Orc:2    | Found a staircase to the Elven Halls.
 31383 | Orc:2    | Found Giysom Boa's Antique Weapon Shop.
 31391 | Orc:2    | Bought a crude short sword for 200 gold pieces
 31391 | Orc:2    | Identified the +2 short sword "Reutus" {flame, *Noise rF+
                  | Dex+7} (You bought it in a shop on level 2 of the Orcish
                  | Mines)
 31562 | Elf:1    | Entered Level 1 of the Elven Halls
 31564 | Elf:1    | Reached skill level 10 in Ice Magic
 31886 | Elf:1    | Reached XP level 17. HP: 92/115 MP: 23/29
 33170 | Elf:1    | Paralysed by an air elemental for 1 turns
 33171 | Elf:1    | Offered knowledge of Freezing Cloud by Vehumet.
 33736 | Elf:2    | Paralysed by an air elemental for 1 turns
 33740 | Elf:2    | Paralysed by an air elemental for 1 turns
 33743 | Elf:2    | Paralysed by an air elemental for 1 turns
 34100 | Elf:2    | Found a runed translucent gate.
 34100 | Elf:2    | Found a runed translucent gate.
 34101 | Elf:2    | Found a runed translucent gate.
 35293 | Elf:2    | Identified the blade talisman of Xaddel {rCorr Slay+3}
 35495 | Elf:3    | Entered Level 3 of the Elven Halls
 35613 | Elf:3    | Found Jycrytzi's Assorted Antiques.
 35620 | Elf:3    | Identified the +1 robe "Manaso" {Rampage SInv}
 35624 | Elf:3    | Bought a scroll of teleportation for 123 gold pieces
 35624 | Elf:3    | Bought a potion of heal wounds for 205 gold pieces
 35709 | Elf:3    | Found Cesif's Antique Weapon Emporium.
 35747 | Elf:3    | Bought a shimmering dagger for 224 gold pieces
 35747 | Elf:3    | Identified the +9 dagger of Extremism {heavy, Will++} (You
                  | bought it in a shop on level 3 of the Elven Halls)
 35815 | Elf:3    | Noticed Mara
 35986 | Elf:3    | Killed Mara
 35987 | Elf:3    | Reached XP level 18. HP: 122/122 MP: 6/30
 36446 | Elf:3    | Found Hetsef's Distillery.
 36476 | Elf:3    | Bought a potion of mutation for 136 gold pieces
 36476 | Elf:3    | Bought a potion of ambrosia for 136 gold pieces
 36476 | Elf:3    | Bought a potion of heal wounds for 85 gold pieces
 36476 | Elf:3    | Bought a potion of mutation for 136 gold pieces
 36476 | Elf:3    | Bought a potion of haste for 170 gold pieces
 36534 | Elf:3    | Paralysed by an air elemental for 1 turns
 36655 | Elf:3    | Noticed a deep elf blademaster
 36658 | Elf:3    | Killed a deep elf blademaster
 36823 | Elf:3    | Noticed a deep elf master archer
 36824 | Elf:3    | Killed a deep elf master archer
 36825 | Elf:3    | Reached skill level 19 in Earth Magic
 36841 | Elf:3    | Identified the +0 leather armour of Xom's Fury {+Inv rF+
                  | rN+}
 36841 | Elf:3    | Noticed a deep elf blademaster
 37029 | Elf:3    | Identified the +1 robe "Qiustotra" {rC+ Int+3 Dex+3}
 37029 | Elf:3    | Identified the ring "Irye" {rN+ Dex+3}
 37029 | Elf:3    | Noticed a deep elf master archer
 37032 | Elf:3    | Killed a deep elf master archer
 37049 | Elf:3    | Killed a deep elf blademaster
 37201 | Elf:3    | Identified the +5 leather armour of a ziggurat {Str+5
                  | Int+3}
 37201 | Elf:3    | Identified the ring "Jajackat" {rF+ EV+5}
 37201 | Elf:3    | Noticed a deep elf blademaster
 37205 | Elf:3    | Offered knowledge of Ignition by Vehumet.
 37208 | Elf:3    | Killed a deep elf blademaster
 37481 | Elf:3    | Identified the +4 leather armour of the Thunderstorm
                  | {*Corrode rF+ rN+ MP+9}
 37484 | Elf:3    | Identified the +3 flail of the Forgotten Knaves {freeze,
                  | Int+6}
 37492 | Elf:3    | Noticed a deep elf master archer
 37494 | Elf:3    | Killed a deep elf master archer
 37808 | Abyss:3  | Cast into level 3 of the Abyss (a deep elf sorcerer)
 37978 | Abyss:3  | Noticed a bone dragon
 37995 | Elf:3    | Escaped the Abyss
 38211 | Elf:3    | Identified the staff "Getenleohu" {rElec rF+ Will- rCorr
                  | Dex+4 Air}
 38394 | Elf:3    | Identified the +4 whip of Adwarym {heavy, rElec rF- Str+5
                  | Int-4}
 38908 | Swamp:1  | Entered Level 1 of the Swamp
 39137 | Swamp:1  | Reached XP level 19. HP: 130/130 MP: 17/31
 39429 | Swamp:1  | Reached skill level 20 in Earth Magic
 39577 | Swamp:1  | Identified the +3 leather armour of Virtue {Rampage Will+}
 40103 | Swamp:2  | Offered knowledge of Fire Storm by Vehumet.
 40103 | Swamp:2  | Offered knowledge of Shatter by Vehumet.
 40103 | Swamp:2  | Offered knowledge of Polar Vortex by Vehumet.
 40123 | Swamp:2  | Learned a level 9 spell: Shatter
 41580 | Swamp:4  | Entered Level 4 of the Swamp
 41876 | Swamp:4  | Reached skill level 15 in Ice Magic
 42627 | Swamp:4  | Noticed Louise
 42630 | Swamp:4  | Killed Louise
 42830 | Swamp:4  | Noticed Donald
 42832 | Swamp:4  | Killed Donald
 42838 | Swamp:4  | Reached skill level 21 in Earth Magic
 42909 | Swamp:4  | Identified the +2 leather armour "Nisevas" {rF++ Int+6}
 43155 | Swamp:4  | Got a decaying rune of Zot
 43332 | Spider:1 | Entered Level 1 of the Spider Nest
 44324 | Spider:2 | Reached XP level 20. HP: 139/139 MP: 11/32
 44627 | Spider:2 | You are sucked into a shaft and drop 1 floor!
 44678 | Spider:3 | Noticed Asterion
 44705 | Spider:3 | Reached skill level 22 in Earth Magic
 45760 | Spider:3 | Killed Asterion
 46429 | Spider:4 | Entered Level 4 of the Spider Nest
 46537 | Spider:4 | Reached skill level 23 in Earth Magic
 46610 | Spider:4 | Gained mutation: Armour fits poorly on your strangely
                  | shaped body. [mutagenic glow]
 46891 | Spider:4 | Found a glacial archway.
 46953 | IceCv    | Entered an ice cave
 46962 | IceCv    | Found a transporter.
 47202 | IceCv    | Found a transporter.
 48257 | Spider:4 | Noticed Agnes
 48268 | Spider:4 | Killed Agnes
 48269 | Spider:4 | Reached skill level 24 in Earth Magic
 49945 | Spider:4 | Reached XP level 21. HP: 144/144 MP: 30/34
 50823 | Spider:4 | Got a gossamer rune of Zot
 51072 | Slime:1  | Entered Level 1 of the Pits of Slime
 51737 | Slime:2  | Reached skill level 10 in Spellcasting
 52695 | Slime:3  | Gained mutation: You have hidden genetic potential. [a
                  | shining eye]
 53073 | Slime:4  | Reached skill level 25 in Earth Magic
 53331 | Slime:5  | Entered Level 5 of the Pits of Slime
 53711 | Slime:5  | Noticed the Royal Jelly
 53719 | Slime:5  | Killed the Royal Jelly
 54782 | Slime:5  | Identified the +1 falchion of Fee Simple {freeze, rPois rF-
                  | rC- Stlth+}
 54805 | Slime:5  | Identified the ring "Luidogac" {EV+5 Int+3}
 54809 | Slime:5  | Got a slimy rune of Zot
 54810 | Slime:5  | Identified the amulet "Ebbi" {Spirit rN+ Int+3 Slay+2}
 54811 | Slime:5  | Identified the +0 helmet of Dogmatism {-Tele Str+8}
 54863 | Slime:5  | Identified the ring "Lolif" {rElec rN+ Will+ rCorr Slay+2}
 55310 | Slime:4  | Reached XP level 22. HP: 149/149 MP: 38/38
 55772 | Vaults:1 | Entered Level 1 of the Vaults
 55854 | Vaults:1 | Learned a level 9 spell: Polar Vortex
 55895 | Vaults:1 | Noticed Nikola
 55898 | Vaults:1 | Killed Nikola
 56423 | Vaults:1 | Noticed Zenata
 56426 | Vaults:1 | Killed Zenata
 56705 | Vaults:1 | Noticed Saint Roka
 56709 | Vaults:1 | Killed Saint Roka
 56728 | Vaults:1 | Gained mutation: You possess an exceptional clarity of
                  | mind. [hidden potential]
 56943 | Vaults:1 | Found Ecopn's Distillery.
 56949 | Vaults:1 | Bought a potion of resistance for 120 gold pieces
 56949 | Vaults:1 | Bought a potion of resistance for 120 gold pieces
 56949 | Vaults:1 | Bought a potion of heal wounds for 60 gold pieces
 57379 | Vaults:1 | Found Noicapt's Armour Emporium.
 58467 | Vaults:2 | Got the Quarto of Phantasms and the Inferno
 58514 | Vaults:2 | Found Xacwappe's Assorted Antiques.
 58525 | Vaults:2 | Paralysed by a sphinx for 3 turns
 58526 | Vaults:2 | Reached XP level 23. HP: 155/155 MP: 36/39
 59200 | Vaults:3 | Found a crumbling gateway.
 59205 | Desolati | Entered the Desolation of Salt
 59256 | Desolati | Got the Disquisition on Percussion
 59368 | Desolati | Gained mutation: You are agile. (Dex +4, Str/Int -1)
                  | [hidden potential]
 59368 | Desolati | Lost mutation: You have hidden genetic potential. [hidden
                  | potential expressed]
 59705 | Desolati | Identified the +4 long sword "Wail" {pain, rPois Dex+3}
 59705 | Desolati | Identified the amulet "Esu Bido" {Faith ^Fragile rC++
                  | Int+5}
 59844 | Desolati | Identified the +2 plate armour of the Morning {Harm rN+
                  | Str+3}
 59876 | Desolati | Identified the ring "Biorisio" {*Slow rN+ MP+9 Slay+2}
 59879 | Desolati | Identified the ring of Uklecut {rN+ Str+3 Int-2 Dex+6 SInv}
 59882 | Desolati | Got the Incunabulum of the Missiles and Relocation
 60465 | Vaults:3 | Reached skill level 5 in Dodging
 60936 | Vaults:3 | Found a staircase to the Crypt.
 60936 | Vaults:3 | Found an ancient bone altar of Kikubaaqudgha.
 60936 | Vaults:3 | Found a basalt altar of Yredelemnul.
 61513 | Vaults:4 | Identified the +4 robe of the Oni {rElec Will- Dex+4
                  | Slay+2}
 61513 | Vaults:4 | Noticed Boris
 61517 | Vaults:4 | Killed Boris
 61690 | Vaults:4 | Acquired the +1 pair of boots of the Merwolf {Str+3 Stlth+}
 62137 | Vaults:4 | Reached XP level 24. HP: 162/162 MP: 22/39
 62321 | Vaults:4 | Identified the orb of Mutualism {*channel, Str-5 Dex+8
                  | Fire}
 62321 | Vaults:4 | Noticed Frederick
 62324 | Vaults:4 | Killed Frederick
 62831 | Vaults:5 | Entered Level 5 of the Vaults
 62881 | Vaults:5 | Identified the ring of the Byakko {Wiz rC+ Int+2}
 62886 | Vaults:5 | Reached skill level 10 in Armour
 63267 | Vaults:5 | Identified the ring "Ciufa" {rC+ Str+3}
 63457 | Vaults:5 | Identified the +2 dagger of the Hills {freeze, rElec Str+3}
 63485 | Vaults:5 | Identified the +2 shortbow of Exquisite Death {heavy, rC++
                  | rN+ Str-3}
 63635 | Vaults:5 | Noticed a dread lich
 63639 | Vaults:5 | Paralysed by something for 2 turns
 63641 | Vaults:5 | Killed a dread lich
 63711 | Vaults:5 | Identified the ring "Paykenlo" {rF+ SInv}
 63720 | Vaults:5 | Identified the amulet of Gozag's Inspiration {Reflect
                  | Rampage rC+ Dex+3 SH+5}
 63836 | Vaults:5 | Got a silver rune of Zot
 63850 | Vaults:5 | Identified the +1 chain mail of Knowledge {rC+}
 64108 | Vaults:5 | Noticed a dread lich
 64112 | Vaults:5 | Killed a dread lich
 64113 | Vaults:5 | Reached XP level 25. HP: 169/169 MP: 27/40
 64893 | Depths:1 | Entered Level 1 of the Depths
 64940 | D:15     | Killed Zelekoik's ghost
 65130 | Depths:1 | Found a one-way gateway to a ziggurat.
 65143 | Depths:1 | Noticed Sojobo
 65232 | Depths:1 | Killed Sojobo
 65906 | Depths:1 | Found a gateway to Hell.
 66061 | Depths:1 | Found an ornate altar of the Wu Jian Council.
 66220 | Depths:2 | Identified the +4 robe of Duty {^Drain rElec rN+ Str+3}
 66220 | Depths:2 | Noticed Boris
 66225 | Depths:2 | Killed Boris
 66449 | Depths:2 | Found a one-way gate to the infinite horrors of the Abyss.
 66450 | Depths:2 | Noticed Etzesk's ghost (veteran TeGl)
 66451 | Depths:2 | Noticed Dohaditz's ghost (veteran MfSu)
 66454 | Depths:2 | Found a runed translucent gate.
 66459 | Depths:2 | Killed Dohaditz's ghost
 66459 | Depths:2 | Noticed Hauff's ghost (veteran GrEE)
 66464 | Depths:2 | Killed Etzesk's ghost
 66473 | Depths:2 | Killed Hauff's ghost
 66814 | Depths:2 | Found a runed translucent gate.
 66814 | Depths:2 | Found a runed translucent gate.
 66854 | Depths:2 | Found a one-way gate leading to the halls of Pandemonium.
 68080 | Depths:3 | Reached XP level 26. HP: 177/177 MP: 37/41
 68269 | Depths:3 | Found a glowing golden altar of the Shining One.
 68687 | Depths:3 | Reached skill level 15 in Shields
 69056 | Depths:4 | Entered Level 4 of the Depths
 69217 | Depths:4 | Noticed a juggernaut
 69220 | Depths:4 | Killed a juggernaut
 69224 | Depths:4 | Noticed a juggernaut
 69227 | Depths:4 | Killed a juggernaut
 69429 | Depths:4 | Found a gate to the Realm of Zot.
 69507 | Depths:4 | Identified the +2 ring mail "Wysisogh" {Harm ^Drain rCorr
                  | Int+8}
 69625 | Depths:4 | Found an ornate altar of the Wu Jian Council.
 69842 | Depths:4 | Reached skill level 15 in Spellcasting
 70084 | Hell     | Entered the Vestibule of Hell
 70084 | Hell     | Noticed Geryon
 70091 | Hell     | Killed Geryon
 70112 | Hell     | Reached skill level 10 in Dodging
 70119 | Hell     | Reached skill level 26 in Earth Magic
 70532 | Hell     | Found a gateway to the Iron City of Dis.
 70592 | Hell     | Found a gateway to the freezing wastes of Cocytus.
 70684 | Hell     | Found a gateway to the decaying netherworld of Tartarus.
 70732 | Hell     | Found a gateway to the ashen valley of Gehenna.
 71181 | Crypt:1  | Entered Level 1 of the Crypt
 71196 | Crypt:1  | Noticed Margery
 71200 | Crypt:1  | Killed Margery
 71208 | Crypt:1  | Reached XP level 27. HP: 173/184 MP: 42/42
 72572 | Crypt:1  | Found a basalt altar of Yredelemnul.
 72582 | Crypt:1  | Identified the +0 pair of gloves of Qecom {rC+ Slay+2}
 73638 | Crypt:3  | Entered Level 3 of the Crypt
 74054 | Crypt:3  | Noticed an ancient lich
 74059 | Crypt:3  | Killed an ancient lich
 74924 | Crypt:3  | Got the Papyrus of the Ancient Xenops
 74927 | Crypt:3  | Got the Elucidation of Postmortem Hyperthermia
 74962 | Crypt:3  | Found the +4 Cigotuvi's embrace {Corpsefed rMiasma ^Drain
                  | rN+}
 74972 | Crypt:3  | Noticed a dread lich
 74975 | Crypt:3  | Killed a dread lich
 75007 | Crypt:3  | Noticed a dread lich
 75012 | Crypt:3  | Killed a dread lich
 75026 | Crypt:3  | Identified the staff "Haimel" {+Blink rPois rN+ Hexes
                  | Necro}
 75043 | Crypt:3  | Identified the +3 lajatang "Ilauzioh" {spect, Int+3}
 75044 | Crypt:3  | Identified the +2 pair of boots "Rogreful" {-Tele Harm rF+
                  | rCorr}
 75448 | Crypt:3  | Found a staircase to the Tomb.
 75918 | Geh:1    | Entered Level 1 of Gehenna
 77255 | Geh:4    | Reached skill level 15 in Armour
 78022 | Geh:6    | Learned a level 9 spell: Death's Door
 78198 | Geh:7    | Entered Level 7 of Gehenna
 78531 | Geh:7    | Reached skill level 27 in Earth Magic
 78833 | Geh:7    | Found the +13 sceptre of Asmodeus
 78833 | Geh:7    | Noticed Asmodeus
 78848 | Geh:7    | Killed Asmodeus
 78851 | Geh:7    | HP: 3/188 [hellion/damnation (29)]
 78858 | Geh:7    | Noticed an ancient lich
 78861 | Geh:7    | Killed an ancient lich
 79028 | Geh:7    | Identified the +6 shortbow of the Chewing Stork {freeze,
                  | rN+ Int+3 Dex+2}
 79223 | Geh:7    | Identified the +6 hand cannon "Fouqus" {heavy, rElec rC+
                  | Will+ Stlth-}
 79225 | Geh:7    | Got an obsidian rune of Zot
 79668 | Coc:1    | Entered Level 1 of Cocytus
 79778 | Coc:1    | Paralysed by a wendigo for 1 turns
 80079 | Coc:2    | Noticed an ancient lich
 80081 | Coc:2    | Noticed a dread lich
 80103 | Coc:2    | Killed a dread lich
 80105 | Coc:2    | Killed an ancient lich
 80656 | Coc:3    | Paralysed by a wendigo for 1 turns
 81954 | Coc:7    | Entered Level 7 of Cocytus
 81960 | Coc:7    | Noticed the Serpent of Hell
 81967 | Coc:7    | Reached skill level 1 in Necromancy
 81972 | Coc:7    | Killed the Serpent of Hell
 82120 | Coc:7    | Reached skill level 5 in Necromancy
 82354 | Coc:7    | Paralysed by a wendigo for 1 turns
 83730 | Coc:7    | Identified the ring of Ycuedghog {rC+ Will+ Str+3}
 83730 | Coc:7    | Noticed Antaeus
 84129 | Coc:7    | Reached skill level 10 in Necromancy
 84680 | Zot:1    | Entered Level 1 of the Realm of Zot
 84768 | Zot:1    | Identified the +8 shortbow "Eranum" {freeze, rC+ Str+2
                  | Dex+2}
 85062 | Zot:1    | Found a huge runed translucent gate.
 85062 | Zot:1    | Found a huge runed translucent gate.
 85062 | Zot:1    | Found a huge runed translucent gate.
 85062 | Zot:1    | Found a huge runed translucent gate.
 85062 | Zot:1    | Found a huge runed translucent gate.
 85062 | Zot:1    | Found a huge runed translucent gate.
 85062 | Zot:1    | Found a huge runed translucent gate.
 85062 | Zot:1    | Found a huge runed translucent gate.
 85063 | Zot:1    | Found a huge runed translucent gate.
 85063 | Zot:1    | Found a huge runed translucent gate.
 85063 | Zot:1    | Found a huge runed translucent gate.
 85063 | Zot:1    | Found a huge runed translucent gate.
 85064 | Zot:1    | Found a huge runed translucent gate.
 85065 | Zot:1    | Found a huge runed translucent gate.
 85065 | Zot:1    | Found a huge runed translucent gate.
 85066 | Zot:1    | Found a huge runed translucent gate.
 85067 | Zot:1    | Found a huge runed translucent gate.
 85068 | Zot:1    | Found a huge runed translucent gate.
 85069 | Zot:1    | Found a huge runed translucent gate.
 85070 | Zot:1    | Found a huge runed translucent gate.
 85070 | Zot:1    | Found a huge runed translucent gate.
 85075 | Zot:1    | Found a huge runed translucent gate.
 85076 | Zot:1    | Found a huge runed translucent gate.
 85077 | Zot:1    | Found a huge runed translucent gate.
 85077 | Zot:1    | Found a huge runed translucent gate.
 85161 | Zot:1    | Found a huge runed translucent gate.
 85163 | Zot:1    | Found a huge runed translucent gate.
 85164 | Zot:1    | Found a huge runed translucent gate.
 85165 | Zot:1    | Found a huge runed translucent gate.
 85165 | Zot:1    | Found a huge runed translucent gate.
 85170 | Zot:1    | Found a huge runed translucent gate.
 85171 | Zot:1    | Found a huge runed translucent gate.
 85171 | Zot:1    | Found a huge runed translucent gate.
 85171 | Zot:1    | Found a huge runed translucent gate.
 85171 | Zot:1    | Found a huge runed translucent gate.
 85173 | Zot:1    | Found a huge runed translucent gate.
 85269 | Zot:1    | Found a transporter.
 85269 | Zot:1    | Noticed Lioda's ghost (legendary MiBe)
 85294 | Zot:1    | Found a transporter.
 85511 | Zot:1    | Noticed an orb of fire
 85511 | Zot:1    | Noticed an orb of fire
 85511 | Zot:1    | Noticed an ancient lich
 85511 | Zot:1    | Noticed an orb of fire
 85511 | Zot:1    | Noticed a dread lich
 85513 | Zot:1    | Killed an ancient lich
 85513 | Zot:1    | Gained mutation: You are dopey. (Int -2) [an orb of fire]
 85515 | Zot:1    | Killed a dread lich
 85516 | Zot:1    | Killed an orb of fire
 85516 | Zot:1    | Killed an orb of fire
 85517 | Zot:1    | Killed an orb of fire
 85631 | Zot:1    | Killed Lioda's ghost
 85672 | Zot:1    | Identified the +0 pair of boots of the Chimera {Dex+3}
 86238 | Zot:2    | Identified the orb "Ophud" {mayhem, +Blink rElec Will-}
 87312 | Zot:3    | Found a burning altar of Makhleb.
 87676 | Zot:3    | Found a transporter.
 87677 | Zot:3    | Noticed a dread lich
 87684 | Zot:3    | Noticed a dread lich
 87686 | Zot:3    | Found a transporter.
 87687 | Zot:3    | Noticed Adaxemni's ghost (legendary GrFi)
 87702 | Zot:3    | Killed a dread lich
 87703 | Zot:3    | Reached skill level 15 in Necromancy
 87703 | Zot:3    | Killed a dread lich
 87705 | Zot:3    | Demolished by Adaxemni's ghost

Illustrated notes

Levels and vault maps discovered:
D:1:      minmay_arrival_hallway, layout_loops_ring
D:2:      layout_loops_ring, minivault_14
D:3:      layout_loops_cross, gammafunk_ghost_split, serial_shops, shop,
          chequers_serial_rivers_micro_a
D:4:      layout_basic, kennysheep_generic_room_6
D:5:      layout_rooms, minmay_temple_entry_arrows, kennysheep_nondescript,
          grunt_decor_arrowhead, kennysheep_windowed_goal, uniq_duvessa
D:6:      layout_basic, kennysheep_potato
D:7:      layout_layer_cave, enter_ossuary_5, dilly_guarded_unrand_throatcut
D:8:      layout_loops_ring, jmf_multi_god_temple2, nicolae_lava_and_water,
          uniq_jeremiah
D:9:      layout_rooms, orc_0_dummy
D:10:     layout_basic, nicolae_gozag_cash_rules_everything_around_me,
          nicolae_trove_entry_path_of_doom, serial_shops,
          nicolae_shop_overgrown_old_shop, enter_bailey_3, uniq_grum,
          uniq_josephine
D:11:     layout_loops_ring, minmay_lair_entry_grove,
          nicolae_inconvenience_store
D:12:     layout_grid_maze
D:13:     layout_loops_corners, grunt_vaults_entry_fortified, serial_shops, shop
D:14:     layout_basic, corexii_corridor_pit, lightli_elemental_guards,
          uniq_lodul
D:15:     gammafunk_depths_entry_grave, layout_layer_cave,
          gammafunk_ghost_necromancy, special_room [special_room_orc],
          hex_medium, serial_bayou, serial_bayou_pond_c, serial_bayou_lake_a,
          serial_bayou_pond_c, serial_bayou_lagoon_a,
          eat_drink_and_be_merry_uskayaw, uniq_nessos, uniq_jorgrun, uniq_kirke
Temple:   compressed_dpeg_triangle_lava_temple
Lair:1:   layout_gridlike, serial_forest, infiniplex_forest_clump_medium,
          infiniplex_forest_end_double, infiniplex_forest_clump_diagonal,
          infiniplex_forest_straight_4, infiniplex_forest_clump_tiny,
          infiniplex_forest_3_way, infiniplex_forest_lined_room_3,
          infiniplex_forest_lined_3_way, uniq_joseph
Lair:2:   layout_roguey, gauntlet_entry_generic, serial_bayou_shore_a
Lair:3:   layout_big_grid, palyth_hydra_swamp_entry, spider_nest_entry_webs,
          enter_volcano_4, grunt_megastairs_4
Lair:4:   layout_gridlike, slime_entry_2, special_room
          [special_room_mythical_zoo], uniq_urug
Lair:5:   due_jungle_book, layout_loops_ring, infiniplex_staircase_pool
Swamp:1:  layout_basic_swamp, evilmike_swamp_ruin_rubble_2
Swamp:2:  layout_basic_swamp, nicolae_swamp_decorative_isthmus
Swamp:3:  layout_basic_swamp, hangedman_swamp_blocks, swamp_pool_1_2,
          nzn_swamp_blast_mining
Swamp:4:  swamp_fiery, layout_basic_swamp, nicolae_swamp_alligator_family,
          nicolae_swamp_tree_isthmus, uniq_louise, uniq_donald
Spider:1: layout_spider_delve
Spider:2: layout_spider_delve
Spider:3: layout_spider_delve, uniq_asterion
Spider:4: floodkiller_spider_rune_tomb, portal_ice_cave_entry_ice_statue_two,
          drop_trap, uniq_agnes
Slime:1:  layout_caves, cheibrodos_slime_lost_civilization_4
Slime:2:  nicolae_slime_jelly_donut, layout_caves
Slime:3:  layout_caves
Slime:4:  layout_caves
Slime:5:  slime_pit_nicolae_royal_road_to_ruin
Orc:1:    layout_caves, basic_altar, nicolae_orc_takin'_care_of_business
Orc:2:    grunt_orc_gardens, layout_caves, grunt_orc_garden, grunt_orc_garden,
          grunt_orc_garden, grunt_orc_garden
Elf:1:    minmay_elf_arrival_summoners, layout_geoelf_diagonals,
          nicolae_elf_crossing_hall
Elf:2:    elven_hall_of_blades_hangedman_original
          [nicolae_blade_entry_pointy_end], layout_rooms
Elf:3:    minmay_elf_hall_furrowed, layout_geoelf_diagonals, serial_shops,
          nicolae_shop_overgrown_old_shop, shop, shop, uniq_mara
Vaults:1: v_misc_2, nicolae_vaults_hallways_thing, ontoclasm_vaults_fault,
          vaults_dpeg_encased_lava, nicolae_vaults_little_squares_4,
          v_pattern_1, ontoclasm_vaults_idyll, v_misc_10,
          nicolae_vaults_taking_the_gang_shopping, nicolae_vaults_diamond_1,
          nicolae_vaults_tetromino_L_1, layout_vaults_omnigrid, serial_shops,
          nicolae_shop_just_a_little_nook, uniq_nikola, uniq_zenata,
          uniq_saint_roka
Vaults:2: nicolae_vaults_ring_of_whatevers, hangedman_vaults_hat,
          nicolae_vaults_shipping_containers_1,
          nicolae_vaults_ring_of_whatevers, grunt_vaults_swirl,
          nicolae_vaults_storage_room_water, vaults_mumra_lcd, v_misc_30,
          layout_vaults_big_room, serial_shops, shop
Vaults:3: portal_desolation_entry_nicolae_nacl, vaults_room_boxed,
          vaults_dpeg_diagonal, nicolae_vaults_bisected_exclaves,
          nicolae_vaults_sightless_eye, nicolae_vaults_three_branches,
          minmay_crypt_entry_necro_gods, nicolae_vaults_angled_halls,
          hangedman_vaults_river_flow, vaults_room_semicircle, v_misc_5,
          nicolae_vaults_variable_pillar_hall_cross, nicolae_vaults_diamond_2,
          layout_vaults_maze_snakey
Vaults:4: nicolae_vaults_meiosis, nicolae_vaults_diamond_2,
          nicolae_vaults_rhombus_7, nicolae_vaults_layer_cake_slice,
          nicolae_vaults_apartment_2, nicolae_vaults_apartment_2,
          nicolae_vaults_little_squares_1, vaults_room_ringed_pool, v_misc_3,
          ontoclasm_vaults_decontamination, nicolae_vaults_two_Ls,
          layout_vaults_ring, uniq_boris, uniq_frederick
Vaults:5
Crypt:1:  layout_regular_city, basic_altar,
          serial_library_hellmonk_angled_corner, grunt_megastairs_5,
          lemuel_upstairs_altar, uniq_margery
Crypt:2:  layout_chaotic_city, minmay_misc_feat_alley
Crypt:3:  david_glass_crypt, layout_misc_corridors,
          nicolae_tomb_entry_unfolded_pyramid_orthogonal,
          serial_library_regret_index_headful
Depths:1: layout_big_octagon, enter_ziggurat_e, lemuel_tele_altar,
          pf_coc_iceberg, roderic_serpentine_path, st_stairs_3,
          corexii_leaking_fountain, minmay_fountain_box,
          serial_library_hellmonk_room_b, uniq_sojobo
Depths:2: minmay_bloctagon, layout_basic, abyss_entry, pan_entry,
          nrook_campfire, gammafunk_ghost_cemetery, hellmouth_1
Depths:3: kennysheep_bubbly, layout_gridlike, hell_entry, abyss_entry,
          tso_metal_star, infiniplex_staircase_hallway_doors,
          serial_bayou_shore_b
Depths:4: grunt_zot_entry_bicorn, layout_cave_shapes, abyss_entry,
          nzn_wu_jian_contemplation, hangedman_geh_valley, dk_noncrumbling_3
Hell
Geh:1:    layout_gehenna_pools_box, nicolae_geh_lava_lounge
Geh:2:    layout_gehenna_pools_triple
Geh:3:    nicolae_geh_i_lava_good_maze [nicolae_geh_lavamaze_orthhalf_recurse,
          nicolae_geh_lavamaze_orthhalf_recurse]
Geh:4:    layout_gehenna_pools_triple
Geh:5:    layout_gehenna_pools_box
Geh:6:    layout_gehenna_pools_basic
Geh:7:    geh_grunt
Coc:1:    layout_ice_bergs
Coc:2:    layout_cocytus_delve, nicolae_coc_icebean_singular
          [nicolae_sub_coc_subbean]
Coc:3:    nicolae_coc_through_the_icewall, layout_ice_bergs
Coc:4:    layout_ice_bergs
Coc:5:    layout_cocytus_water_paths
Coc:6:    layout_cocytus_water_paths
Coc:7:    coc_old
Zot:1:    layout_twisted_circle, gammafunk_ghost_arena,
          regret_index_zotdec_twisting_globes, door_vault
Zot:2:    layout_gridlike
Zot:3:    layout_gridlike, gammafunk_ghost_mausoleum,
          regret_index_zotdec_demonic_mixed

Skill      XL: |  1  2  3  4  5  6  7  8  9 10 11 12 13 14 15 16 17 18 19 20 21 22 23 24 25 26 27 |
---------------+----------------------------------------------------------------------------------+-----
Fighting       | 1 2 3 4 6 7 8 10 12 13 15 16 17 19 20 21 23 | 23.0
Conjurations   | 2 3 4 6 8 11 14 16 17 | 17.2
Earth Magic    | 4 5 6 8 9 10 11 13 15 17 18 19 21 24 25 26 27 | 27.0
Spellcasting   | 3 4 5 6 7 8 9 12 13 14 15 21 | 21.0
Armour         | 3 5 6 8 10 12 13 15 | 15.1
Dodging        | 3 4 5 7 9 10 11 | 11.5
Shields        | 7 11 14 15 17 | 17.2
Ice Magic      | 6 10 12 14 15 16 17 22 23 24 26 | 26.0
Necromancy     | 15 | 15.2
Stealth        | |  2.1

Action                     |  1- 3 |  4- 6 |  7- 9 | 10-12 | 13-15 | 16-18 | 19-21 | 22-24 | 25-27 || total
---------------------------+-------+-------+-------+-------+-------+-------+-------+-------+-------++-------
  Melee: Short sword       |     2 |       |       |       |       |       |       |       |       ||     2
         Staff             |       |     2 |     3 |     8 |    15 |     9 |    26 |       |    28 ||    91
         Long sword        |       |       |       |       |    37 |    15 |       |       |       ||    52
         Flail             |       |       |       |       |       |       |   125 |     2 |    30 ||   157
   Cast: Sandblast         |    51 |    34 |   150 |   259 |    94 |    17 |    49 |       |     8 ||   662
         Stone Arrow       |       |     5 |     7 |   136 |   448 |    51 |     3 |       |       ||   650
         Bombard           |       |       |       |       |    66 |    41 |    57 |     3 |    36 ||   203
         Orb of Destructio |       |       |       |       |     1 |     1 |     2 |       |    23 ||    27
         Permafrost Erupti |       |       |       |       |    38 |   399 |   469 |   321 |   903 ||  2130
         Shatter           |       |       |       |       |       |       |    34 |   101 |   185 ||   320
         Polar Vortex      |       |       |       |       |       |       |       |     5 |    50 ||    55
  Evoke: Wand              |       |       |       |       |       |    14 |    12 |       |       ||    26
         Lightning rod     |       |       |       |       |       |       |     4 |       |     4 ||     8
         Phantom mirror    |       |       |       |       |       |       |     1 |       |       ||     1
         Tin of tremorston |       |       |       |       |       |       |       |       |     2 ||     2
    Use: Scroll            |       |       |    14 |     4 |     6 |    16 |    15 |     2 |    12 ||    69
         Potion            |       |       |       |       |     4 |     8 |     9 |       |     8 ||    29
 Armour: Robe              |     6 |     8 |    41 |   165 |    41 |       |       |       |       ||   261
         Ring mail         |       |       |       |       |   338 |    36 |       |       |       ||   374
         Scale mail        |       |       |       |       |       |   166 |     6 |       |   197 ||   369
         Skin              |       |       |       |       |       |     2 |       |       |       ||     2
         Leather armour    |       |       |       |       |       |       |   635 |    81 |   219 ||   935
  Dodge: Dodged            |     6 |     7 |    22 |   203 |   320 |   119 |   459 |    67 |   306 ||  1509
  Block: Kite shield       |       |       |       |       |    48 |   133 |   453 |       |    29 ||   663
         Reflection        |       |       |       |       |       |       |       |       |     2 ||     2

Table legend: (Time is in decaauts)
 A = Elapsed time spent in this place.
 B = Non-inter-level travel time spent in this place.
 C = Inter-level travel time spent in this place.
 D = Time resting spent in this place.
 E = Time spent auto-exploring this place.
 F = Levels seen in this place.
 G = Mean time per level.
                   A        B        C        D        E       F      G
               +--------+--------+--------+--------+--------+-----+--------+
         Total |  88376 |  83268 |   5108 |   3839 |  67804 |  77 | 1147.7 |
       Dungeon |  19336 |  17877 |   1459 |    450 |  15286 |  15 | 1289.1 |
        Temple |     26 |      2 |     24 |      0 |      0 |   1 |   26.0 |
          Lair |   8522 |   7836 |    686 |      0 |   6717 |   5 | 1704.4 |
         Swamp |   4383 |   4237 |    146 |      0 |   3881 |   4 | 1095.8 |
   Spider Nest |   6965 |   6577 |    388 |    267 |   5219 |   4 | 1741.2 |
    Slime Pits |   4549 |   4386 |    163 |    841 |   3159 |   5 |  909.8 |
  Orcish Mines |   2554 |   2436 |    118 |    661 |   1537 |   2 | 1277.0 |
   Elven Halls |   6813 |   6453 |    360 |    398 |   5307 |   3 | 2271.0 |
        Vaults |   8373 |   7837 |    536 |    197 |   6708 |   5 | 1674.6 |
         Crypt |   4465 |   4336 |    129 |    432 |   3197 |   3 | 1488.3 |
        Depths |   5506 |   5038 |    468 |    280 |   4160 |   4 | 1376.5 |
          Hell |    741 |    608 |    133 |      0 |    512 |   1 |  741.0 |
       Gehenna |   3712 |   3583 |    129 |      0 |   3058 |   7 |  530.3 |
       Cocytus |   4878 |   4749 |    129 |    123 |   3603 |   7 |  696.9 |
           Zot |   3024 |   2790 |    234 |      0 |   2506 |   3 | 1008.0 |
         Abyss |    205 |    205 |      0 |      0 |     16 |   2 |  102.5 |
       Ossuary |    600 |    600 |      0 |      0 |    403 |   1 |  600.0 |
        Bailey |    531 |    531 |      0 |      0 |    341 |   1 |  531.0 |
      Ice Cave |    826 |    826 |      0 |      0 |    618 |   1 |  826.0 |
       Volcano |    836 |    836 |      0 |    190 |    424 |   1 |  836.0 |
    Desolation |    889 |    889 |      0 |      0 |    707 |   1 |  889.0 |
      Gauntlet |    633 |    633 |      0 |      0 |    443 |   1 |  633.0 |
               +--------+--------+--------+--------+--------+-----+--------+

Top non-repeatable levels by time:
Spider:4: 3336 daAuts
   Elf:3: 2683 daAuts
   Coc:7: 2589 daAuts
    D:15: 2468 daAuts
  Lair:5: 2344 daAuts
    D:13: 2314 daAuts
   Elf:1: 2163 daAuts
Vaults:1: 2151 daAuts
  Lair:4: 2123 daAuts
   Elf:2: 1965 daAuts
    D:14: 1924 daAuts
 Swamp:4: 1681 daAuts
Vaults:4: 1629 daAuts
 Crypt:1: 1623 daAuts
Depths:3: 1606 daAuts
